 Dungeon Crawl Stone Soup version 0.26.1-2-gb8aa6d0cf2 (webtiles) character file.

Game seed: 7441723501525279445

61 H0rd4k the Charlatan (level 4, -1/32 HPs)
             Began as a Human Artificer on Feb 15, 2021.
             Slain by an adder (2 damage)
             ... on level 2 of the Dungeon on Feb 16, 2021.
             The game lasted 00:01:41 (1970 turns).

H0rd4k the Charlatan (Human Artificer)              Turns: 1970, Time: 00:01:42

Health: -1/32      AC:  3    Str: 13    XL:     4   Next: 27%
Magic:  4/4        EV: 12    Int: 12    God:
Gold:   162        SH:  0    Dex: 13    Spells: 3/3 levels left

rFire    . . .     SeeInvis .   k - -2 long sword (curse)
rCold    . . .     Faith    .   (no shield)
rNeg     . . .     Spirit   .   b - +0 leather armour
rPois    .         Reflect  .   (no helmet)
rElec    .         Harm     .   (no cloak)
rCorr    .         Rampage  .   (no gloves)
Will     .....                  (no boots)
Stlth    +.........             (no amulet)
HPRegen  0.10/turn              (no ring)
MPRegen  0.09/turn              (no ring)

@: lethally poisoned (-1 -> -6)
A: no striking features
a: no special abilities


You were on level 2 of the Dungeon.
You visited 1 branch of the dungeon, and saw 2 of its levels.

You collected 162 gold pieces.

Inventory:

Hand Weapons
 a - a +0 club
 k - a cursed -2 long sword (weapon)
Armour
 b - a +0 leather armour (worn)
Wands
 c - a wand of flame (6) (quivered)
 d - a wand of enslavement (13)
 e - a wand of random effects (15)
Scrolls
 f - a scroll of identify {unknown}
 i - a scroll of amnesia {unknown}
 l - a scroll of magic mapping {unknown}
Potions
 g - a potion of attraction {unknown}
 h - a potion of heal wounds {unknown}
 j - a potion of brilliance {unknown}
 m - a potion of flight {unknown}


   Skills:
 + Level 1.2 Fighting
 + Level 2.7 Armour
 + Level 1.9 Dodging
 + Level 1.1 Stealth
 + Level 3.9 Evocations


You had 3 spell levels left.
You didn't know any spells.
Your spell library was empty.

Dungeon Overview and Level Annotations

Branches:
Dungeon (2/15)

Altars:
Okawaru

Annotations:
D:2 Terence


Message History

You feel sick. The adder barely misses you. The adder bites you.
You closely miss the adder.
The adder is heavily wounded.
The adder barely misses you. The adder bites you but does no damage.
You closely miss the adder.
The adder is heavily wounded.
You feel sick. The adder completely misses you. The worm bites you!
* * * LOW HITPOINT WARNING * * *
You hit the adder.
The adder is heavily wounded.
* * * LOW HITPOINT WARNING * * *
You feel sick. The adder misses you. The adder barely misses you.
The worm barely misses you.
You riposte.
You hit the worm.
The worm is moderately wounded.
Aiming: Enslavement
Press: ? - help, Shift-Dir - straight line, f - adder
Aim: an adder (heavily wounded, chance to affect: 66%)
The adder struggles to resist.
The adder barely misses you. The adder bites you.
You die...

########## #........#
#(.......# ## #.>.......
+..######## #.........
##........#####.........
.......................)
......w...####..........
......S@..# #..........
..........# #.#########
..######### #.# #.# #.#
#.# #######.###
#.........##
#.####..#..#


You could see a worm and an adder.

Vanquished Creatures
  3 adders (D:2)
  A quokka (D:2)
  A leopard gecko (D:2)
  4 giant cockroaches
  4 goblins
  2 hobgoblins (D:2)
  3 ball pythons
  A bat (D:1)
  A frilled lizard (D:2)
  4 kobolds
24 creatures vanquished.

Vanquished Creatures (collateral kills)
  A bat (D:2)
  A goblin (D:2)
  A hobgoblin (D:2)
  A frilled lizard (D:2)
4 creatures vanquished.

Vanquished Creatures (others)
  Natasha (D:2)
  2 plants (D:2)
3 creatures vanquished.

Grand Total: 31 creatures vanquished

Notes
Turn   | Place    | Note
-------+----------+-------------------------------------------
     0 | D:1      | H0rd4k the Human Artificer began the quest for the Orb.
     0 | D:1      | Reached XP level 1. HP: 15/15 MP: 1/1
   283 | D:1      | Reached XP level 2. HP: 13/21 MP: 2/2
   465 | D:1      | You fall into a shaft and drop 1 floor!
   501 | D:2      | Reached XP level 3. HP: 11/26 MP: 3/3
   713 | D:2      | Noticed Terence
  1017 | D:2      | Found an iron altar of Okawaru.
  1390 | D:2      | Noticed Natasha
  1399 | D:2      | Reached XP level 4. HP: 3/32 MP: 4/4
  1415 | D:2      | Your ally died
  1969 | D:2      | HP: 1/32 [poisoned by an adder]
  1970 | D:2      | Slain by an adder

Illustrated notes

Levels and vault maps discovered:
D:1:      lemuel_arrival_funnel, layout_basic
D:2:      layout_basic, lemuel_round_altar, general_overflow_altar,
          serial_bayou_pond_d, minmay_hexomino_c4, uniq_terence, uniq_natasha

Action                   |  1- 3 |  4- 6 || total
-------------------------+-------+-------++-------
Melee: Club              |    69 |       ||    69
       Long sword        |       |    29 ||    29
Evoke: Wand              |    10 |     1 ||    11
 Stab: Sleeping          |     1 |       ||     1
Armor: Leather armour    |    33 |     8 ||    41
Dodge: Dodged            |    87 |    36 ||   123
       Rpst.: Long sword |       |    10 ||    10
